 Dungeon Crawl Stone Soup version 0.29-a0-700-g2f1814c7b2 (webtiles) character file.

Game seed: 9168085557658488435

90841 SkulltownNelly the Lord of Darkness (level 15, -9/103 HPs)
             Began as a Mummy Necromancer on June 26, 2022.
             Was the Champion of Kikubaaqudgha.
             Shot with a bolt by an orc warrior (14 damage)
             ... on level 2 of the Orcish Mines.
             The game lasted 01:38:19 (29375 turns).

SkulltownNelly the Lord of Darkness (MuNe)         Turns: 29375, Time: 01:38:20

Health: -9/103     AC: 14    Str: 16    XL:     15   Next: 53%
Magic:  8/38       EV: 12    Int: 27    God:    Kikubaaqudgha [******]
Gold:   2718       SH:  0    Dex: 16    Spells: 1/35 levels left

rFire   x . .      SeeInvis .   j - +6 rapier "Zutsycul" {freeze, rElec MP+9 Str+4 Dex+3}
rCold   + . .      Faith    .   (no shield)
rNeg    + + +      Spirit   .   k - +1 robe of Pandemonium {rElec Regen+ Slay-5}
rPois   ∞          Reflect  .   o - +1 helmet
rElec   +          Harm     .   (no cloak)
rCorr   .          Rampage  .   g - +1 pair of gloves
Will    +....                   e - +2 pair of boots
Stlth   ++........              A - amulet of the acrobat
HPRegen 1.07/turn               O - +4 ring of protection
MPRegen 0.26/turn               I - +6 ring of intelligence

@: animating dead
A: cold resistance 1, negative energy resistance 3, torment resistance 2, heat
vulnerability 1, in touch with death 2, no potions
a: Renounce Religion, Unearth Wretches, Torment, Brand Weapon With Pain, Receive
Forbidden Knowledge


You were on level 2 of the Orcish Mines.
You worshipped Kikubaaqudgha.
Kikubaaqudgha was exalted by your worship.
You visited 4 branches of the dungeon, and saw 24 of its levels.
You also visited: Ice Cave.

You collected 2718 gold pieces.


Innate Abilities, Weirdness & Mutations

You are immune to poison.
Your flesh is cold resistant. (rC+)
You are immune to negative energy. (rN+++)
You are immune to unholy pain and torment.
You are vulnerable to heat. (rF-)
You are strongly in touch with the powers of death.
You do not drink.


   Skills:
 - Level 5.0 Fighting
 - Level 1.5 Dodging
 - Level 1.5 Stealth
 + Level 10.9 Spellcasting
 - Level 5.0 Hexes
 - Level 20.0 Necromancy
 - Level 5.0 Translocations
 - Level 8.0 Ice Magic
 + Level 10.3 Earth Magic


You had one spell level left.
You knew the following spells:

 Your Spells              Type           Power      Damage    Failure   Level
a - Animate Dead          Necr           100%       N/A       0%          4
b - Blink                 Tloc           82%        N/A       1%          2
c - Borgnjor's Vile Clut  Necr/Erth      60%        N/A       1%          5
d - Dispel Undead         Necr           100%       3d31      0%          4
l - Lee's Rapid Deconstr  Erth           31%        3d17*     1%          5
s - Simulacrum            Ice/Necr       58%        N/A       1%          6
v - Vampiric Draining     Necr           100%       2d13      0%          3
X - Necrotize             Necr           100%       1d9       0%          1
Y - Anguish               Hex/Necr       55%        N/A       1%          4

Your spell library contained the following spells:

 Spells                   Type           Power      Damage    Failure   Level
 Slow                     Hex            100%       N/A       1%          1
 Shock                    Conj/Air       56%        1d6       4%          1
 Confusing Touch          Hex            41%        N/A       1%          3
 Lesser Beckoning         Tloc           41%        N/A       1%          3
 Ozocubu's Armour         Ice            55%        N/A       1%          3
 Portal Projectile        Hex/Tloc       82%        N/A       1%          3
 Tukima's Dance           Hex            41%        N/A       1%          3
 Leda's Liquefaction      Hex/Erth       27%        N/A       1%          4
 Agony                    Necr           100%       N/A       1%          5
 Corpse Rot               Necr/Pois/Air  85%        N/A       2%          4
 Scorch                   Fire           28%        2d6       6%          2
 Infestation              Necr           67%        N/A       7%          8
 Summon Ice Beast         Ice/Summ       36%        N/A       8%          4
 Swiftness                Air            14%        N/A       12%         3
 Manifold Assault         Tloc           41%        N/A       14%         5
 Airstrike                Air            7%         N/A       36%         4
 Flame Wave               Conj/Fire      14%        2d6       36%         4
 Summon Mana Viper        Hex/Summ       28%        N/A       36%         5
 Haunt                    Necr/Summ      50%        N/A       50%         7
 Summon Cactus Giant      Summ           7%         N/A       99%         6
 Monstrous Menagerie      Summ           7%         N/A       100%        7
 Chain Lightning          Conj/Air       7%         3d9       100%        9
 Fire Storm               Conj/Fire      7%         8d2       100%        9
 Shatter                  Erth           31%        3d26*     100%        9
 Statue Form              Tmut/Erth      Unusable   N/A       N/A         6
 Blade Hands              Tmut           Unusable   N/A       N/A         5
 Death's Door             Necr           Unusable   N/A       N/A         9
 Necromutation            Tmut/Necr      Unusable   N/A       N/A         8

Inventory:

Hand Weapons
 i - a +2 dagger of venom
   (You took it off a kobold on level 2 of the Dungeon)
 j - the +6 rapier "Zutsycul" (weapon) {freeze, rElec MP+9 Str+4 Dex+3}
   (You found it on level 6 of the Dungeon)

   It freezes those it strikes, dealing additional cold damage.
   It can also slow down cold-blooded creatures.
   Str:       It affects your strength (+4).
   Dex:       It affects your dexterity (+3).
   rElec:     It insulates you from electricity.
   MP:        It affects your magic capacity (+9).
 S - the +5 broad axe "Ciorywk" {vorpal, rF+ Int+2 Stlth+}
   (You found it on level 11 of the Dungeon)

   It inflicts extra damage upon your enemies.
   Int:       It affects your intelligence (+2).
   rF:        It protects you from fire.
   Stlth:     It makes you more stealthy.
Missiles
 m - 83 stones
 q - 17 boomerangs
 r - 6 atropa-tipped darts
 y - 33 poisoned darts
 Z - a curare-tipped dart {=f}
Armour
 e - a +2 pair of boots (worn)
   (You found it on level 3 of the Dungeon)
 g - a +1 pair of gloves (worn)
   (You found it on level 3 of the Dungeon)
 k - the +1 robe of Pandemonium (worn) {rElec Regen+ Slay-5}
   (You took it off a goblin on level 3 of the Dungeon)

   Slay:      It affects your accuracy & damage with ranged weapons and melee
   (-5).
   rElec:     It insulates you from electricity.
   Regen:     It increases your rate of health regeneration.
 o - a +1 helmet (worn)
   (You found it on level 3 of the Lair of Beasts)
 G - a +0 ring mail
   (You took it off an orc on level 12 of the Dungeon)
 H - a +0 ring mail
   (You found it on level 12 of the Dungeon)
 J - a +0 scale mail
   (You took it off an orc on level 12 of the Dungeon)
 K - a +0 scale mail
   (You took it off an orc on level 12 of the Dungeon)
 M - a scarf of invisibility
   (You found it on level 11 of the Dungeon)
 W - a +2 leather armour of cold resistance
   (You took it off a gnoll shaman on level 9 of the Dungeon)
Magical Staves
 X - a staff of cold {!a}
   (You found it on level 9 of the Dungeon)
Jewellery
 s - a +6 ring of strength
   (You found it on level 14 of the Dungeon)
 t - the ring of Roimp {Will- MP+9 Str+4 Dex+8}
   (You found it in an ice cave)

   [ring of magical power]

   Str:       It affects your strength (+4).
   Dex:       It affects your dexterity (+8).
   MP:        It affects your magic capacity (+9).
   Will:      It decreases your willpower.
 u - an amulet of reflection
   (You found it in an ice cave)
 v - a ring of see invisible
   (You found it on level 1 of the Dungeon)
 A - an amulet of the acrobat (around neck)
   (You found it on level 2 of the Dungeon)
 C - a ring of ice
   (You found it in an ice cave)
 E - a +4 ring of evasion
   (You found it on level 1 of the Lair of Beasts)
 F - a ring of protection from fire
   (You found it in an ice cave)
 I - a +6 ring of intelligence (right hand)
   (You found it on level 10 of the Dungeon)
 L - a ring of flight
   (You found it in an ice cave)
 O - a +4 ring of protection (left hand)
   (You found it in an ice cave)
 R - a ring of resist corrosion
   (You found it on level 6 of the Dungeon)
Wands
 c - a wand of polymorph (2)
   (You found it on level 7 of the Dungeon)
 d - a wand of iceblast (14)
   (You found it on level 8 of the Dungeon)
 N - a wand of digging (5)
   (You found it on level 12 of the Dungeon)
 P - a wand of paralysis (6)
   (You found it on level 1 of the Lair of Beasts)
 T - a wand of flame (14)
   (You found it on level 4 of the Lair of Beasts)
Scrolls
 a - 17 scrolls of identify {@r1}
 b - 2 scrolls of brand weapon
 f - 2 scrolls of poison
 h - 2 scrolls of magic mapping {!r}
 l - 2 scrolls of enchant weapon
 n - 2 scrolls of blinking {!r}
 p - 5 scrolls of amnesia
 w - 6 scrolls of teleportation {@r4}
 x - 3 scrolls of immolation {!r!r}
 z - 3 scrolls of silence {!r}
 D - 3 scrolls of fear
 Q - 3 scrolls of summoning
 U - 4 scrolls of enchant armour
 V - 3 scrolls of fog
 Y - 3 scrolls of vulnerability {!r!r}
Miscellaneous
 B - a piece from Xom's chessboard (15/15)
   (You found it on level 6 of the Lair of Beasts)

Dungeon Overview and Level Annotations

Branches:
Dungeon (15/15) Zot: 25569  Temple (1/1) D:6 Zot: 5721    Lair (6/6) D:11 Zot: 24437
 Shoals (0/4) Lair:3        Snake (0/4) Lair:2        Slime (0/5) Lair:5
    Orc (2/2) D:12 Zot: 11552     Elf (0/3) Orc:2        Vaults (0/5) D:14
 Depths (0/4) D:15          IceCv (visited)

Altars:
Ashenzari
Cheibriados
Dithmenos
Elyvilon
Fedhas
Gozag
Hepliaklqana
Kikubaaqudgha
Makhleb
Nemelex Xobeh
Okawaru
Qazlal
Ru
Sif Muna
Trog
Uskayaw
Vehumet
Wu Jian
Xom
Yredelemnul
Zin
The Shining One

Shops:
D:1 (   D:6 =   D:11 (!

Annotations:
D:6 1 runed translucent door, ShinZimon's ghost, novice SpCj
D:7 1 runed translucent door, bande's ghost, novice GrFi
D:14 3 runed translucent doors, Hewku's ghost, journeyman DsFi
Lair:2 2 transporters, Tuin's ghost, journeyman MiBe
Lair:5 1 exclusion

....≈≈≈≈# .......Zoo
.....)ZoZo .....≈≈≈≈##
#≈≈≈ .....Z≈≈≈≈###
##≈≈≈≈ ....))ZZ≈≈≈≈##
#≈≈≈≈.. ......)ZZ.≈≈≈#
≈≈≈.... #.........○≈≈#
≈≈....
#..##..##@..###...##..
........Z○....)........
...............).......
##########$....########
##.#....#.#.##
##..........# #
##.##.....## ##. #.
#####......###.. #.####
...###.#....##..


You could see an orc knight (strong, ally target, anguished), an orc warrior
(strong, ally target, anguished), 2 friendly centaur simulacra, 2 friendly orc
zombies, 4 friendly orc warrior zombies and a friendly orc knight zombie.


Message History

😨 HP[+1] MP[+1]
The orc is no longer haunted by guilt.
The orc warrior hits your orc warrior simulacrum with a +0 glaive!
The orc warrior is wracked by anguish.
Your orc warrior zombie hits the orc.
Your centaur simulacrum hits the orc warrior.
Your centaur simulacrum freezes the orc warrior!
Your centaur simulacrum closely misses the orc warrior.
The orc unwields a +0 arbalest.
The orc wields a +0 mace.
The orc hits your orc warrior zombie with a +0 mace.
The orc knight roars a battlecry!
The orcs go into a battle-frenzy!
An orc knight comes into view. It is wielding a +0 arbalest. 😨 HP[+2]
You regained 2 hp, and now have 38/103 hp.
Your centaur simulacrum hits the orc warrior.
The orc warrior dies!
Kikubaaqudgha accepts your kill.
Your orc warrior zombie barely misses the orc.
The orc warrior shoots a bolt.
The bolt hits your centaur simulacrum.
The orc warrior is wracked by anguish.
The orc knight shoots a bolt.
The bolt hits your centaur simulacrum!
The orc knight is wracked by anguish. 😨 HP[+1]
The orc hits your orc warrior zombie with a +0 mace!
Your orc warrior zombie misses the orc warrior.
Your orc zombie hits the orc warrior but does no damage.
Your orc warrior zombie hits the orc!
The orc dies!
Kikubaaqudgha accepts your kill.
The dead are walking!
Your centaur simulacrum hits the orc warrior but does no damage.
Your centaur simulacrum barely misses the orc warrior.
The orc knight roars a battlecry!
You hear a shout! 😨 HP[+1] MP[+1]
You hear a shout! x3
Your centaur simulacrum hits the orc warrior but does no damage.
Your centaur simulacrum closely misses the orc warrior.
Your orc zombie completely misses the orc warrior.
Your orc warrior zombie hits the orc warrior!
The orc knight roars a battlecry!
The orc knight goes into a battle-frenzy!
The orc knight shoots a bolt.
The bolt hits your centaur simulacrum!
The orc knight is wracked by anguish.
The orc warrior hits your centaur simulacrum with a +2 glaive of protection!!
The orc warrior is wracked by anguish!
Your orc warrior zombie barely misses the orc warrior.
The orc warrior shouts! 😨 HP[+1]
Your orc zombie hits the orc warrior.
Your centaur simulacrum hits the orc warrior but does no damage.
Your centaur simulacrum kicks the orc warrior but does no damage.
Your orc warrior zombie closely misses the orc warrior.
Your orc warrior zombie hits the orc warrior.
Your orc zombie misses the orc warrior.
The orc knight shoots a bolt.
The bolt completely misses you. The bolt hits your centaur simulacrum!
The orc knight is wracked by anguish!
The orc warrior hits your centaur simulacrum with a +2 glaive of protection!!
The orc warrior is wracked by anguish!
The orc warrior dies!
Kikubaaqudgha accepts your kill.
The dead are walking! 😨 HP[+1]
Your orc zombie closely misses the orc knight.
The orc knight shoots a bolt.
The bolt hits your centaur simulacrum but does no damage. 😨 HP[+1]
Your orc warrior zombie barely misses the orc warrior.
Your orc zombie hits the orc knight but does no damage.
The orc knight shoots a bolt.
The bolt hits your centaur simulacrum!
The orc knight shoots a bolt.
The bolt hits you.
* * * LOW HITPOINT WARNING * * *
The orc knight is wracked by anguish. 😨 HP[-2] MP[+1]
You take 2 damage, and now have 41/103 hp.
Your orc warrior zombie misses the orc warrior.
The orc knight shoots a bolt.
The bolt hits your centaur zombie!
Your centaur zombie is destroyed!
The orc knight is wracked by anguish!
Your orc zombie completely misses the orc knight.
The orc knight shoots a bolt.
The bolt completely misses you. 😨 HP[+1]
Casting: Anguish (safe; 1% risk of failure)
Confirm with . or Enter, or press ? or * to list all spells.
Casting: Anguish (safe; 1% risk of failure)
Press: ? - help, Dir - look around, f - activate You feel a strong surge of power!
The orc knight is haunted by guilt!
The orc knight shoots a bolt.
The bolt hits you!!
* * * LOW HITPOINT WARNING * * *
The orc knight is wracked by anguish!!
Your orc warrior zombie closely misses the orc warrior.
The orc knight shoots a bolt.
The bolt hits you!!
* * * LOW HITPOINT WARNING * * *
The orc knight is wracked by anguish!!
The orc knight dies!
Kikubaaqudgha accepts your kill.
The dead are walking!
The orc warrior shoots a bolt.
The bolt barely misses your orc knight zombie.
The bolt hits you!
You die...
Kikubaaqudgha rasps: "You have failed me!
Welcome... oblivion!"

Skill      XL: |  1  2  3  4  5  6  7  8  9 10 11 12 13 14 15 |
---------------+----------------------------------------------+-----
Spellcasting   | 3 4 5 8 10 | 10.9
Necromancy     | 5 6 7 8 9 12 14 15 18 20 | 20.0
Fighting       | 1 5 |  5.0
Translocations | 2 5 |  5.0
Hexes          | 3 5 |  5.0
Ice Magic      | 4 7 8 |  8.0
Earth Magic    | 2 7 10 | 10.3
Dodging        | |  1.5
Stealth        | |  1.5

Action                   |  1- 3 |  4- 6 |  7- 9 | 10-12 | 13-15 || total
-------------------------+-------+-------+-------+-------+-------++-------
Melee: Whip              |     5 |       |       |       |       ||     5
       Dagger            |       |     3 |     7 |       |       ||    10
       Rapier            |       |       |    54 |   100 |   137 ||   291
       Punch             |       |       |     1 |     1 |     1 ||     3
Throw: Throwing net      |       |     1 |       |       |       ||     1
       Dart              |       |       |       |     1 |       ||     1
 Cast: Necrotize         |    69 |   106 |   102 |   187 |    60 ||   524
       Vampiric Draining |       |       |    36 |    78 |    53 ||   167
       Animate Dead      |       |       |    11 |    18 |     6 ||    35
       Blink             |       |       |     5 |       |       ||     5
       Anguish           |       |       |       |    38 |     7 ||    45
       Borgnjor's Vile C |       |       |       |    31 |    93 ||   124
       Dispel Undead     |       |       |       |     8 |    13 ||    21
       Simulacrum        |       |       |       |    21 |   144 ||   165
       Lee's Rapid Decon |       |       |       |       |     9 ||     9
Invok: Unearth Wretches  |       |       |       |     1 |     3 ||     4
Evoke: Wand              |       |     4 |     4 |     9 |     4 ||    21
  Use: Scroll            |       |    11 |     3 |     3 |    10 ||    27
 Stab: Distracted        |       |       |     5 |       |       ||     5
       Sleeping          |       |       |       |     2 |       ||     2
       Paralysed         |       |       |       |     1 |       ||     1
Armor: Robe              |     2 |     5 |    36 |    90 |   201 ||   334
Dodge: Dodged            |     9 |    22 |   133 |   245 |   450 ||   859

Levels and vault maps discovered:
D:1:      heliophobic_arrival_battle_scene, layout_rooms,
          hellmonk_ecumenical_altar_inner_sanctum, serial_shops,
          nicolae_shop_bloodbath_and_beyond, nrook_uturn
D:2:      layout_basic
D:3:      layout_basic, lemuel_coloured_pillars_altar, minmay_quantized
D:4:      layout_rooms, kennysheep_mini_moat, marbit_many_paths
D:5:      layout_rooms
D:6:      layout_gridville, minmay_temple_entry_butterflies, serial_shops, shop,
          ebering_ghost_xom, serial_glass, glass_columns_a, glass_columns_a,
          uniq_eustachio
D:7:      minmay_the_grid_four_pointed_star
          [minmay_the_grid_triangle_9x9_wacky_v,
          minmay_the_grid_triangle_9x9_corrupted_corridor,
          minmay_the_grid_triangle_9x9_odd_lines,
          minmay_the_grid_triangle_9x9_fully_insulated_deathbox,
          minmay_the_grid_prize_inner_circle], layout_loops_corners,
          ebering_ghost_xom, serial_bayou_crossing
D:8:      layout_layer_cave, mainiacjoe_overflow_catwalk_spiral,
          elyvilon_altar_4, uniq_prince_ribbit1, uniq_joseph
D:9:      layout_rooms, uniq_grum
D:10:     layout_basic, nzn_wu_jian_council_hall, uniq_nergalle
D:11:     layout_grid_maze, minmay_lair_entry_grove, serial_shops,
          nicolae_shop_advertising_works [nicolae_subvault_shop_adworks],
          nicolae_shop_competitors_out_of_business, uniq_harold
D:12:     layout_basic, david_orc_2, uniq_snorg, uniq_frances
D:13:     layout_rooms, uniq_erolcha
D:14:     layout_rooms, erik_vaults_2, gammafunk_ghost_fury_of_okawaru,
          uniq_roxanne
D:15:     grunt_enter_depths_giant_problem, layout_loops_corners,
          chequers_hall_statues_y, uniq_agnes
Temple:   regret_index_temple_generic_petals
Lair:1:   layout_chaotic_city, st_stairs_5, grunt_megastairs_1,
          lemuel_fruit_fields
Lair:2:   layout_roguey, minmay_snake_entry_guardpost_large,
          gammafunk_ghost_berserking_beasts, cheibrodos_lair_caveside_slide,
          minmay_lair_oklob_bushes, uniq_erica
Lair:3:   layout_hall_layers, minmay_shoals_entry_hut, lemuel_fruit_fields,
          serial_bayou_shore_a, serial_bayou_shore_b, grunt_megastairs_3
Lair:4:   layout_regular_city, infiniplex_staircase_pool_2
Lair:5:   layout_gridlike, dpeg_slime_entry_enclosed, enter_volcano_3
Lair:6:   minmay_lair_end_frog_pond, layout_big_grid,
          portal_ice_cave_entry_pillars_1, lemuel_fruit_tree
Orc:1:    layout_diamond_mine
Orc:2:    st_orc_rangers, layout_diamond_mine

Notes
Turn   | Place    | Note
-------+----------+-------------------------------------------
     0 | D:1      | SkulltownNelly the Mummy Necromancer began the quest for
                  | the Orb.
     0 | D:1      | Reached XP level 1. HP: 13/13 MP: 4/4
     0 | D:1      | magus.rc [v1.11.3]
    95 | D:1      | Reached skill level 3 in Spellcasting
   310 | D:1      | Reached XP level 2. HP: 19/19 MP: 1/6
   360 | D:1      | Found Reic's Weapon Shop.
   592 | D:1      | Reached skill level 4 in Spellcasting
   961 | D:1      | Found a faded altar of an unknown god.
  1192 | D:2      | Gained mutation: You are in touch with the powers of death.
                  | [Mummy growth]
  1192 | D:2      | Reached XP level 3. HP: 24/24 MP: 6/8
  1620 | D:2      | Reached skill level 5 in Spellcasting
  1634 | D:2      | Reached XP level 4. HP: 18/30 MP: 0/11
  2439 | D:3      | Identified the +1 robe of Pandemonium {rElec Regen+ Slay-5}
  2756 | D:3      | Reached skill level 5 in Necromancy
  3143 | D:4      | Noticed an ogre
  3264 | D:4      | Noticed an ogre
  3267 | D:4      | Noticed a scorpion
  3273 | D:4      | Killed an ogre
  3273 | D:4      | HP: 7/30 [scorpion (4)]
  3274 | D:4      | Reached XP level 5. HP: 8/35 MP: 4/12
  3274 | D:4      | HP: 2/35 [scorpion (6)]
  3276 | D:4      | Reached skill level 6 in Necromancy
  3276 | D:4      | Reached XP level 6. HP: 3/41 MP: 4/13
  3798 | D:4      | Found a shimmering blue altar of Sif Muna.
  3943 | D:4      | You pick up a book of Annihilations and begin reading...
  3943 | D:4      | You add the spells Chain Lightning, Fire Storm and Shatter
                  | to your library.
  4027 | D:4      | Reached skill level 7 in Necromancy
  4149 | D:4      | Found an opulent altar of Gozag.
  4205 | D:5      | Entered Level 5 of the Dungeon
  4426 | D:4      | Reached XP level 7. HP: 42/46 MP: 7/14
  4479 | D:4      | Learned a level 3 spell: Vampiric Draining
  4484 | D:4      | Learned a level 4 spell: Animate Dead
  4485 | D:5      | HP: 8/46 [orc/+2 flail of holy wrath (9)]
  4663 | D:5      | Reached skill level 8 in Necromancy
  4830 | D:5      | Noticed a wyvern
  4840 | D:5      | Killed a wyvern
  4841 | D:5      | Reached skill level 6 in Spellcasting
  5093 | D:5      | Reached skill level 7 in Spellcasting
  5384 | D:6      | Noticed a troll
  5384 | D:6      | Found Idaelygh's Jewellery Shop.
  5388 | D:6      | HP: 10/46 [troll (9)]
  5390 | D:6      | Killed a troll
  5391 | D:6      | Reached skill level 8 in Spellcasting
  5391 | D:6      | Reached skill level 1 in Fighting
  5391 | D:6      | Reached XP level 8. HP: 16/54 MP: 1/20
  5502 | D:6      | Identified the +6 rapier "Zutsycul" {freeze, rElec MP+9
                  | Str+4 Dex+3}
  5593 | D:6      | Reached skill level 2 in Fighting
  5624 | D:6      | Noticed Eustachio
  5630 | D:6      | Killed Eustachio
  5631 | D:6      | Reached skill level 3 in Fighting
  5636 | D:6      | You pick up a book of Air and begin reading...
  5636 | D:6      | You add the spells Shock, Swiftness and Airstrike to your
                  | library.
  5820 | D:6      | You pick up a book of Spatial Translocations and begin
                  | reading...
  5820 | D:6      | You add the spells Blink, Lesser Beckoning and Manifold
                  | Assault to your library.
  5876 | D:6      | Reached skill level 4 in Fighting
  5876 | D:6      | Reached skill level 9 in Necromancy
  5995 | D:6      | Got the Catalogue of Congealing Unholy Magic
  6071 | D:6      | Found a staircase to the Ecumenical Temple.
  6080 | Temple   | Entered the Ecumenical Temple
  6335 | Temple   | Became a worshipper of Kikubaaqudgha
  6548 | D:6      | Found a runed translucent door.
  6549 | D:6      | Found a shimmering altar of Xom.
  6549 | D:6      | Noticed ShinZimon's ghost (novice SpCj)
  6549 | D:6      | Noticed a +0 war axe of chaos
  6616 | D:7      | Reached skill level 5 in Fighting
  6616 | D:7      | Reached XP level 9. HP: 68/68 MP: 19/21
  6619 | D:7      | Learned a level 2 spell: Blink
  6863 | D:7      | Noticed a troll
  7224 | D:7      | You fall into a shaft and drop 2 floors!
  7267 | D:9      | Reached skill level 10 in Necromancy
  7299 | D:9      | Noticed Grum
  7327 | D:9      | Killed Grum
  7328 | D:9      | Reached skill level 11 in Necromancy
  7521 | D:9      | Noticed a two-headed ogre
  7534 | D:9      | Your ally Grum died
  7535 | D:9      | Killed a two-headed ogre
  7536 | D:9      | Reached skill level 12 in Necromancy
  7543 | D:9      | Reached * piety under Kikubaaqudgha
  7543 | D:9      | Received a gift from Kikubaaqudgha
  7545 | D:9      | Reached skill level 1 in Translocations
  7579 | D:9      | Reached skill level 2 in Translocations
  7579 | D:9      | Reached XP level 10. HP: 45/74 MP: 4/22
  7587 | D:9      | Reached skill level 9 in Spellcasting
  7772 | D:9      | Noticed a two-headed ogre
  7801 | D:9      | Killed a two-headed ogre
  7802 | D:9      | Reached skill level 3 in Translocations
  8265 | D:8      | Reached skill level 10 in Spellcasting
  8265 | D:8      | Reached skill level 4 in Translocations
  8409 | D:8      | Noticed Prince Ribbit
  8417 | D:8      | Killed Prince Ribbit
  8831 | D:8      | Found a shimmering altar of Xom.
  8929 | D:8      | Found a broken altar of Ashenzari.
  8931 | D:8      | Noticed Joseph
  9111 | D:8      | Killed Joseph
  9112 | D:8      | Reached skill level 5 in Translocations
  9316 | D:8      | You pick up a book of Death and begin reading...
  9316 | D:8      | You add the spells Haunt and Infestation to your library.
  9322 | D:8      | Learned a level 4 spell: Anguish
  9832 | D:7      | Found a runed translucent door.
  9833 | D:7      | Noticed a manticore
  9834 | D:7      | Noticed a gargoyle
  9835 | D:7      | Found a runed translucent door.
  9835 | D:7      | Found a runed translucent door.
 10079 | D:7      | Reached skill level 1 in Hexes
 10085 | D:7      | Noticed a two-headed ogre
 10224 | D:7      | Reached skill level 2 in Hexes
 10273 | D:7      | Reached ** piety under Kikubaaqudgha
 10334 | D:7      | Noticed a manticore
 10341 | D:7      | Killed a manticore
 10342 | D:7      | Reached skill level 3 in Hexes
 10385 | D:7      | Killed a two-headed ogre
 10386 | D:7      | Reached XP level 11. HP: 79/79 MP: 14/25
 10829 | D:7      | Found a runed translucent door.
 10833 | D:7      | Found a shimmering altar of Xom.
 10833 | D:7      | Noticed bande's ghost (novice GrFi)
 10833 | D:7      | Noticed a +1 war axe of chaos
 11085 | D:7      | Reached skill level 4 in Hexes
 11098 | D:7      | Reached skill level 13 in Necromancy
 11319 | D:10     | Entered Level 10 of the Dungeon
 11449 | D:10     | Noticed a two-headed ogre
 11465 | D:10     | Killed a two-headed ogre
 11466 | D:10     | Reached skill level 5 in Hexes
 11755 | D:10     | Reached *** piety under Kikubaaqudgha
 11755 | D:10     | You add the spells Corpse Rot, Dispel Undead, Borgnjor's
                  | Vile Clutch and Simulacrum to your library.
 11755 | D:10     | Received a gift from Kikubaaqudgha
 11762 | D:10     | Learned a level 5 spell: Borgnjor's Vile Clutch
 11767 | D:10     | Learned a level 4 spell: Dispel Undead
 11774 | D:10     | Learned a level 6 spell: Simulacrum
 11804 | D:10     | Noticed Nergalle
 12045 | D:10     | Reached skill level 1 in Ice Magic
 12067 | D:10     | Killed Nergalle
 12361 | D:10     | Found an ornate altar of the Wu Jian Council.
 12443 | D:10     | Reached skill level 2 in Ice Magic
 12660 | D:10     | Identified the +1 pair of gloves of Unreason {rF- rC-
                  | Regen+ rCorr}
 12899 | D:11     | Noticed a six-headed hydra
 12908 | D:11     | Killed a six-headed hydra
 12909 | D:11     | Reached skill level 14 in Necromancy
 12909 | D:11     | Reached skill level 3 in Ice Magic
 12972 | D:11     | Noticed Harold
 12979 | D:11     | Killed Harold
 12980 | D:11     | Reached skill level 4 in Ice Magic
 13193 | D:11     | Reached skill level 1 in Earth Magic
 13195 | D:11     | Found a staircase to the Lair.
 13209 | D:11     | Reached skill level 2 in Earth Magic
 13210 | D:11     | Reached XP level 12. HP: 39/86 MP: 6/26
 13464 | D:11     | Reached skill level 5 in Ice Magic
 13555 | D:11     | Found Vohobep's Distillery.
 13557 | D:11     | Noticed a two-headed ogre
 13564 | D:11     | Killed a two-headed ogre
 13565 | D:11     | Reached skill level 3 in Earth Magic
 13638 | D:11     | Noticed a two-headed ogre
 13645 | D:11     | Killed a two-headed ogre
 13732 | D:11     | Found Tifouci's Antique Weapon Emporium.
 13806 | D:11     | Identified the +5 broad axe "Ciorywk" {vorpal, rF+ Int+2
                  | Stlth+}
 14351 | D:12     | Reached skill level 4 in Earth Magic
 14561 | D:12     | Noticed Snorg
 14570 | D:12     | Killed Snorg
 14582 | D:12     | Noticed Frances
 14754 | Lair:1   | Entered Level 1 of the Lair of Beasts
 14820 | Lair:1   | Reached skill level 5 in Earth Magic
 15004 | Lair:1   | Reached skill level 6 in Ice Magic
 15050 | Lair:1   | Reached **** piety under Kikubaaqudgha
 15450 | Lair:1   | Reached skill level 6 in Earth Magic
 15972 | Lair:2   | Noticed Erica
 15972 | Lair:2   | You fall into a shaft and drop 2 floors!
 16186 | Lair:4   | Noticed a seven-headed hydra
 16200 | Lair:4   | Killed a seven-headed hydra
 16201 | Lair:4   | Reached skill level 7 in Earth Magic
 16346 | Lair:4   | Noticed a seven-headed hydra
 16352 | Lair:4   | Killed a seven-headed hydra
 16353 | Lair:4   | Reached skill level 7 in Ice Magic
 16642 | Lair:4   | Noticed a catoblepas
 16713 | Lair:3   | Noticed a five-headed hydra
 16718 | Lair:3   | Killed a five-headed hydra
 16738 | Lair:3   | Gained mutation: You are strongly in touch with the powers
                  | of death. [Mummy growth]
 16738 | Lair:3   | Reached XP level 13. HP: 91/91 MP: 10/27
 16873 | Lair:3   | Reached skill level 8 in Earth Magic
 16934 | Lair:3   | You pick up a book of Weapons and begin reading...
 16934 | Lair:3   | You add the spells Tukima's Dance and Portal Projectile to
                  | your library.
 17106 | Lair:3   | Found a staircase to the Shoals.
 17594 | Lair:2   | Found a staircase to the Snake Pit.
 17633 | Lair:2   | You pick up a book of Debilitation and begin reading...
 17633 | Lair:2   | You add the spells Slow and Confusing Touch to your
                  | library.
 17674 | Lair:2   | Reached ***** piety under Kikubaaqudgha
 17677 | Lair:2   | Killed Erica
 17925 | Lair:2   | Found a transporter.
 17935 | Lair:2   | Noticed Tuin's ghost (journeyman MiBe)
 17967 | Lair:2   | Found a transporter.
 18444 | Lair:2   | HP: 18/91 [lindwurm/blast of flame (51)]
 18593 | Lair:2   | Reached skill level 9 in Earth Magic
 18724 | Lair:4   | Reached skill level 8 in Ice Magic
 18833 | Lair:4   | magus.rc [v1.11.3]
 19465 | Lair:5   | Reached skill level 10 in Earth Magic
 19480 | Lair:5   | You pick up a book of Scorching and begin reading...
 19480 | Lair:5   | You add the spells Scorch, Flame Wave and Summon Cactus
                  | Giant to your library.
 19569 | Lair:5   | Found a staircase to the Slime Pits.
 19709 | Lair:5   | Reached skill level 15 in Necromancy
 20374 | Lair:6   | Entered Level 6 of the Lair of Beasts
 20398 | Lair:6   | Reached XP level 14. HP: 72/98 MP: 3/28
 20431 | Lair:6   | Found a frozen archway.
 20528 | IceCv    | Entered an ice cave
 21123 | IceCv    | Identified the ring of Roimp {Will- MP+9 Str+4 Dex+8}
 21499 | Lair:6   | Reached skill level 16 in Necromancy
 21500 | Lair:6   | HP: 14/98 [wyvern (15)]
 22169 | Lair:6   | HP: 21/98 [cane toad (10)]
 22174 | Lair:6   | HP: 24/98 [elephant (3)]
 22213 | Lair:6   | Reached skill level 17 in Necromancy
 23129 | Lair:6   | Reached skill level 18 in Necromancy
 23905 | D:12     | Found a staircase to the Orcish Mines.
 24236 | D:12     | Reached ****** piety under Kikubaaqudgha
 25080 | D:12     | Killed Frances
 25577 | D:13     | Noticed Erolcha
 25579 | D:13     | Reached XP level 15. HP: 28/103 MP: 6/29
 25579 | D:13     | HP: 16/103 [fire elemental[a deep elf pyromancer] (13)]
 25582 | D:13     | Killed Erolcha
 25910 | D:13     | Reached skill level 19 in Necromancy
 26190 | D:14     | Noticed Roxanne
 26227 | D:14     | HP: 23/103 [troll (7)]
 26407 | D:14     | Killed Roxanne
 26414 | D:14     | You pick up a book of the Earth and begin reading...
 26414 | D:14     | You add the spells Leda's Liquefaction and Lee's Rapid
                  | Deconstruction to your library.
 26421 | D:14     | Learned a level 5 spell: Lee's Rapid Deconstruction
 26540 | D:14     | Identified the +4 morningstar of Lies {flame, rElec rCorr}
 26578 | D:14     | Found a runed translucent gate.
 26581 | D:14     | Found a runed translucent gate.
 26582 | D:14     | Found a runed translucent gate.
 26584 | D:14     | Noticed Hewku's ghost (journeyman DsFi)
 26585 | D:14     | Found an iron altar of Okawaru.
 26949 | D:14     | You pick up a book of Beasts and begin reading...
 26949 | D:14     | You add the spells Summon Ice Beast, Summon Mana Viper and
                  | Monstrous Menagerie to your library.
 26997 | D:14     | Found a gate to the Vaults.
 27505 | D:15     | Entered Level 15 of the Dungeon
 27539 | D:15     | Noticed Agnes
 27546 | D:15     | Killed Agnes
 27693 | D:15     | Reached skill level 20 in Necromancy
 27696 | D:15     | Noticed a fire giant
 27705 | D:15     | Killed a fire giant
 27860 | D:15     | Found a staircase to the Depths.
 28184 | D:15     | Identified the +6 falchion of the Coin {freeze, Stlth+}
 28718 | Orc:1    | Entered Level 1 of the Orcish Mines
 28735 | D:12     | HP: 23/103 [orc knight/bolt (16)]
 29259 | Orc:2    | Entered Level 2 of the Orcish Mines
 29286 | Orc:2    | Found a staircase to the Elven Halls.
 29350 | Orc:2    | HP: 23/103 [orc warrior/bolt (12)]
 29375 | Orc:2    | HP: 24/103 [orc knight/bolt (19)]
 29375 | Orc:2    | HP: 5/103 [orc knight/bolt (19)]
 29375 | Orc:2    | Shot with a bolt by an orc warrior

Vanquished Creatures
  Frances (D:12)
  Agnes (D:15)
  A fire giant (D:15)
  6 hydras
  Harold (D:11)
  An ice dragon (IceCv)
  A boulder beetle (D:14)
  3 centaur warriors
  6 vault guards (D:14)
  2 catoblepae
  5 two-headed ogres
  Nergalle (D:10)
  A deep elf pyromancer (D:13)
  5 ugly things
  A manticore (D:15)
  A cyclops (D:14)
  Joseph (D:8)
  A black mamba (Lair:4)
  7 elephants
  2 unseen horrors (D:11)
  2 ice statues (IceCv)
  4 rime drakes
  8 cane toads
  A freezing wraith (D:13)
  7 komodo dragons
  4 trolls
  Prince Ribbit (D:8)
  A blink frog (Lair:6)
  6 slime creatures
  2 shadows
  3 wyverns
  5 yaks
  Eustachio (D:6)
  2 wraiths
  A basilisk (Lair:1)
  Grum (D:9)
  13 vampire mosquitoes
  2 acid dragons
  2 water moccasins
  A black bear (D:7)
  An ice beast (D:6)
  3 sky beasts
  3 ogres
  8 orc warriors
  6 wolves
  5 centaurs
  2 kobold brigands (D:9)
  8 bullfrogs
  A gnoll sergeant (D:7)
  5 scorpions
  3 wights (D:7)
  A lindwurm simulacrum (IceCv)
  4 killer bees
  2 howler monkeys
  3 komodo dragon simulacra (IceCv)
  A gnoll shaman (D:9)
  6 orc priests
  4 jellies
  A scorpion zombie (D:7)
  10 orc wizards
  2 iguanas
  7 gnolls
  7 acid dragon simulacra (IceCv)
  8 adders
  2 white imps
  4 steam dragon simulacra (IceCv)
  A worm (D:3)
  A dart slug (D:1)
  43 orcs
  11 endoplasms
  4 giant cockroaches
  6 goblins
  8 hobgoblins
  4 jackals (D:5)
  3 quokkas
  4 ball pythons
  5 bats
  4 frilled lizards
  20 kobolds
  7 rats
343 creatures vanquished.

Vanquished Creatures (collateral kills)
  Roxanne (D:14)
  Erolcha (D:13)
  2 vault guards (D:14)
  5 hydras
  Erica (Lair:2)
  A two-headed ogre (D:9)
  2 goliath frogs (Lair:6)
  An orc knight (D:12)
  A lindwurm (Lair:2)
  A deep elf pyromancer (D:13)
  An ugly thing (D:15)
  2 cyclopes (D:12)
  An oklob plant (Lair:2)
  2 manticores (D:7)
  18 elephants
  2 black mambas
  A torpor snail (Lair:6)
  A kobold demonologist (D:13)
  12 komodo dragons
  15 cane toads
  4 rime drakes
  2 tyrant leeches (Lair:6)
  A polar bear (Lair:6)
  6 slime creatures (D:12)
  15 blink frogs
  A snapping turtle (Lair:3)
  4 dream sheep (Lair:5)
  4 wyverns
  31 yaks
  2 vampire mosquitoes
  A steam dragon (D:9)
  A basilisk (D:11)
  A warg (Orc:2)
  3 nagas (Lair:2)
  An acid dragon (D:7)
  13 water moccasins
  3 orc warriors (Orc:2)
  A black bear (D:11)
  17 wolves
  2 centaurs (Orc:2)
  3 kobold brigands
  16 bullfrogs
  2 scorpions
  A wight (D:10)
  A killer bee (D:11)
  2 howler monkeys
  A wolf zombie (Lair:4)
  2 electric eels
  3 hounds
  A komodo dragon simulacrum (IceCv)
  3 orc priests
  An orc wizard (D:10)
  A killer bee zombie (D:7)
  A killer bee simulacrum (D:7)
  4 gnolls
  An acid dragon simulacrum (IceCv)
  An adder (D:5)
  A shadow imp (D:8)
  A white imp (D:8)
  4 steam dragon simulacra (IceCv)
  An ufetubus (D:7)
  14 orcs
  An endoplasm (D:2)
  3 kobolds
  An orc zombie (Orc:1)
  5 bushes (Lair:2)
  3 butterflies
  2 fungi
  5 plants
269 creatures vanquished.

Vanquished Creatures (others)
  Snorg (D:12)
  A hydra (Lair:2)
  2 boulder beetles (Lair:5)
  A centaur warrior (D:14)
  A two-headed ogre (D:11)
  A fire crab (Lair:5)
  An orc knight (Orc:2)
  3 wolf spiders
  2 gargoyles
  2 rime drakes
  A troll (D:7)
  A yak (D:7)
  A wyvern (D:11)
  A vampire (D:7)
  2 vampire mosquitoes (D:10)
  2 nagas (Lair:2)
  An acid dragon (D:7)
  2 water moccasins (Lair:2)
  A cane toad zombie (Lair:1)
  An ice beast (IceCv)
  4 orc warriors
  A manticore zombie (D:7)
  4 wolves
  2 centaurs (Orc:2)
  2 vampire mosquito zombies (D:10)
  A wyvern zombie (D:11)
  3 wights
  A troll zombie (D:7)
  3 yak zombies
  3 killer bees (D:7)
  A howler monkey (D:12)
  7 wolf zombies
  2 bullfrog zombies
  3 centaur zombies (Orc:2)
  An orc wizard (D:7)
  3 killer bee zombies
  An acid dragon zombie (D:7)
  A sky beast zombie (D:8)
  A hound zombie (D:6)
  A gnoll (D:9)
  5 gnoll zombies (D:9)
  A steam dragon zombie (D:9)
  An adder (D:12)
  A white imp (D:7)
  18 orc zombies
  3 orcs
  2 kobolds (D:10)
  5 kobold zombies (D:10)
  48 fungi
  141 plants
298 creatures vanquished.

Grand Total: 910 creatures vanquished

Table legend:
 A = Non-vault XP
 B = Vault XP
 C = Vault XP percentage of total XP
 D = Non-vault monster count
 E = Vault monster count
 F = Vault count percentage of total count
                 A         B        C        D         E       F
            +---------+---------+-------+---------+---------+-------
      Total |   87177 |   43196 |  33.1 |     474 |     155 |  24.6
            +---------+---------+-------+---------+---------+-------
        D:1 |      36 |       0 |   0.0 |      22 |       0 |   0.0
        D:2 |      76 |       0 |   0.0 |      23 |       0 |   0.0
        D:3 |      50 |      11 |  18.0 |      16 |       4 |  20.0
        D:4 |     433 |      13 |   2.9 |      18 |       1 |   5.3
        D:5 |     669 |       0 |   0.0 |      19 |       0 |   0.0
        D:6 |     911 |     208 |  18.6 |      14 |       1 |   6.7
        D:7 |    1314 |    4246 |  76.4 |      35 |      21 |  37.5
        D:8 |     700 |     740 |  51.4 |      17 |       2 |  10.5
        D:9 |    3779 |     534 |  12.4 |      27 |       4 |  12.9
       D:10 |    3321 |     779 |  19.0 |      25 |       1 |   3.8
       D:11 |    4610 |    2775 |  37.6 |      13 |      13 |  50.0
       D:12 |    6918 |    2789 |  28.7 |      29 |       9 |  23.7
       D:13 |    6554 |     882 |  11.9 |      13 |       1 |   7.1
       D:14 |    4531 |    8264 |  64.6 |       8 |       9 |  52.9
       D:15 |    4730 |    2674 |  36.1 |      10 |       2 |  16.7
     Lair:1 |    3857 |    1209 |  23.9 |      17 |       5 |  22.7
     Lair:2 |    3593 |    2165 |  37.6 |      12 |       7 |  36.8
     Lair:3 |    4678 |     786 |  14.4 |      24 |       3 |  11.1
     Lair:4 |    8483 |       0 |   0.0 |      24 |       0 |   0.0
     Lair:5 |   11543 |     577 |   4.8 |      33 |       2 |   5.7
     Lair:6 |   15322 |    9227 |  37.6 |      53 |      30 |  36.1
      Orc:1 |     366 |       0 |   0.0 |      11 |       0 |   0.0
      Orc:2 |     703 |    1716 |  70.9 |      11 |      12 |  52.2
      IceCv |       0 |    3601 | 100.0 |       0 |      28 | 100.0
            +---------+---------+-------+---------+---------+-------

Illustrated notes

Table legend:
 A = Kills in this place as a percentage of kills in entire the game.
 B = Kills by you in this place as a percentage of kills by you in the entire game.
 C = Kills by friends in this place as a percentage of kills by friends in the entire game.
 D = Other kills in this place as a percentage of other kills in the entire game.
 E = Experience gained in this place as a percentage of experience gained in the entire game.
 F = Experience gained in this place divided by the number of levels of this place that you have seen.
                   A       B       C       D       E      F
               +-------+-------+-------+-------+-------+----------------------
         Total | 100.0 | 100.0 | 100.0 | 100.0 | 100.0 | 5214.9
       Dungeon |  56.8 |  76.8 |  26.3 |  78.9 |  48.0 | 4169.8
          Lair |  33.4 |  13.5 |  64.1 |   7.9 |  47.1 | 10240.0
  Orcish Mines |   5.4 |   3.8 |   6.4 |  13.2 |   2.1 | 1392.5
      Ice Cave |   4.5 |   5.9 |   3.2 |   0.0 |   2.8 | 3601.0
               +-------+-------+-------+-------+-------+----------------------

Table legend: (Time is in decaauts)
 A = Elapsed time spent in this place.
 B = Non-inter-level travel time spent in this place.
 C = Inter-level travel time spent in this place.
 D = Time resting spent in this place.
 E = Time spent auto-exploring this place.
 F = Levels seen in this place.
 G = Mean time per level.
                   A        B        C        D        E       F      G
               +--------+--------+--------+--------+--------+-----+--------+
         Total |  29532 |  28356 |   1176 |   2117 |  18725 |  25 | 1181.3 |
       Dungeon |  19607 |  18878 |    729 |   1352 |  13608 |  15 | 1307.1 |
        Temple |    278 |    220 |     58 |      0 |    161 |   1 |  278.0 |
          Lair |   8233 |   7868 |    365 |    617 |   4427 |   6 | 1372.2 |
  Orcish Mines |    446 |    423 |     23 |      0 |    233 |   2 |  223.0 |
      Ice Cave |    966 |    966 |      0 |    148 |    296 |   1 |  966.0 |
               +--------+--------+--------+--------+--------+-----+--------+

Top non-repeatable levels by time:
    D:12: 2060 daAuts
     D:7: 1947 daAuts
  Lair:6: 1921 daAuts
     D:8: 1677 daAuts
    D:11: 1610 daAuts
  Lair:5: 1564 daAuts
    D:10: 1440 daAuts
  Lair:4: 1412 daAuts
    D:14: 1378 daAuts
     D:4: 1261 daAuts
  Lair:1: 1251 daAuts
  Lair:2: 1177 daAuts
     D:1: 1157 daAuts
     D:3: 1069 daAuts
     D:5: 1056 daAuts
